 Seeded DCSS version 0.28-a0-1510-gd0f6b136d3 (webtiles) character file.

Game seed: 12076283004488689974 (custom seed)

825 voltaire321 the Sneak (level 7, -2/46 HPs)
             Began as an Octopode Conjurer on Jan 15, 2022.
             Slain by a black bear (3 damage)
             ... on level 5 of the Dungeon.
             The game lasted 00:13:45 (5785 turns).

voltaire321 the Sneak (Octopode Conjurer)           Turns: 5785, Time: 00:13:45

Health: -2/46      AC:  1    Str:  7    XL:     7   Next: 96%
Magic:  11/12      EV: 12    Int: 22    God:
Gold:   628        SH:  7    Dex: 10    Spells: 10/13 levels left

rFire   . . .      SeeInvis .   j - +1 short sword (vamp)
rCold   + . .      Faith    .   k - +0 kite shield
rNeg    . . .      Spirit   .   (helmet restricted)
rPois   +          Reflect  .   b - amulet of the acrobat
rElec   .          Harm     .   g - ring of protection from cold
rCorr   .          Rampage  .   a - ring of poison resistance
Will    .....                   f - ring of wizardry
Stlth   ++++......              (no ring)
HPRegen 0.15/turn               (no ring)
MPRegen 0.13/turn               (no ring)
                                (no ring)
                                (no ring)

@: no status effects
A: almost no armour, amphibious, 8 rings, camouflage 1, gelatinous body 1,
(nimble swimmer 1), tentacles
a: no special abilities


You were on level 5 of the Dungeon.
You visited 1 branch of the dungeon, and saw 6 of its levels.

You collected 1508 gold pieces.
You spent 880 gold pieces at shops.

Inventory:

Hand Weapons
 j - a +1 vampiric short sword (weapon)
Armour
 k - a +0 kite shield (worn)
Jewellery
 a - a ring of poison resistance (right tentacle)
 b - an amulet of the acrobat (around mantle)
 f - a ring of wizardry (on tentacle)
 g - a ring of protection from cold (left tentacle)
Wands
 m - a wand of polymorph (9)
 u - a wand of flame (18)
 v - a wand of iceblast (2)
Scrolls
 h - 3 scrolls of amnesia
 o - a scroll of enchant weapon {unknown}
 s - 2 scrolls of teleportation
Potions
 c - 2 potions of brilliance
 d - a potion of curing
 e - a potion of berserk rage {unknown}
 i - a potion of mutation {unknown}
 l - a potion of degeneration {unknown}
 n - a potion of ambrosia {unknown}
 q - a potion of might
 r - a potion of heal wounds {unknown}
 t - a potion of lignification


   Skills:
 + Level 3.3 Fighting
 + Level 4.0 Dodging
 + Level 5.7 Stealth
 + Level 2.8 Shields
 + Level 3.7 Spellcasting
 + Level 5.3 Conjurations


You had 10 spell levels left.
You knew the following spells:

 Your Spells              Type           Power      Damage    Failure   Level
a - Magic Dart            Conj           100%       1d8       1%          1
b - Searing Ray           Conj           54%        2d6       2%          2

Your spell library contained the following spells:

 Spells                   Type           Power      Damage    Failure   Level
 Dazzling Flash           Conj/Hex       30%        N/A       16%         3
 Blink                    Tloc           8%         N/A       22%         2
 Confusing Touch          Hex            4%         N/A       38%         3
 Lesser Beckoning         Tloc           4%         N/A       38%         3
 Fulminant Prism          Conj/Hex       7%         3d7       43%         4
 Iskenderun's Mystic Bla  Conj/Tloc      15%        2d5       43%         4
 Manifold Assault         Tloc           4%         N/A       98%         5
 Yara's Violent Unravell  Hex/Tmut       2%         3d3       98%         5
 Enfeeble                 Hex            2%         N/A       100%        7


Dungeon Overview and Level Annotations

Branches:
Dungeon (6/15)
 Temple: D:4-7

Altars:
Dithmenos
Kikubaaqudgha
Qazlal
Xom
Yredelemnul
Zin

Shops:
D:1 =


Innate Abilities, Weirdness & Mutations

You cannot wear most types of armour.
You are amphibious.
You can wear up to eight rings at the same time.
Your skin changes colour to match your surroundings (Stealth+).
Your rubbery body absorbs attacks. (AC +1, EV +1)
((You are camouflaged when in or above water. (Stealth+)))
You have tentacles for arms and can constrict up to eight enemies at once.


Message History

Press: ? - help, Shift-Dir - straight line, f - iguana
Aim: an iguana (asleep, 100% to hit)
The searing ray hits the iguana.
The iguana is moderately wounded.
The iguana hisses angrily. (Press . to maintain the ray.)
The hound barks!
You barely miss the iguana. You grab the iguana.
The iguana is moderately wounded.
You constrict the iguana. The iguana bites you!
You hit the iguana.
The iguana is severely wounded.
You constrict the iguana. The iguana bites you!
You release your grip on the iguana.
You block the hound's attack. The black bear bites you.
The black bear barely misses you. You block the black bear's attack.
The iguana closely misses you. The hound bites you.
You climb upwards.
There is a stone staircase leading down here.
You hit the iguana but do no damage. You grab the iguana.
The iguana is severely wounded.
You constrict the iguana, but do no damage.
The hound bites you. The iguana barely misses you. The black bear bites you.
The black bear completely misses you. The black bear claws you.
The hound bites you.
You hit the iguana but do no damage.
The iguana is severely wounded.
You constrict the iguana. You block the iguana's attack.
The black bear bites you.
* * * LOW HITPOINT WARNING * * *
The black bear claws you.
* * * LOW HITPOINT WARNING * * *
You block the black bear's attack. The hound bites you.
* * * LOW HITPOINT WARNING * * *
You block the iguana's attack. The black bear bites you.
* * * LOW HITPOINT WARNING * * *
The black bear claws you.
* * * LOW HITPOINT WARNING * * *
The black bear claws you.
You die...

####.### #.###.#.#
.##..# #.###.#.#
.....# #.##..#.#
#..#.########.##.##.#
##.#.##.....#.##.##.#
##.#.##.....#.......#
............####.####
......#.....# #h#
#...###.....# #@####
.......###### #hl..#
.......# ####.#
.......# #.# ....####
#.# ....#.##
##########.# .......#
#..........#
#####.####.#.#.######
# #........#.#


You could see a black bear, an iguana and a hound.

Vanquished Creatures
  A water moccasin (D:5)
  A phantom (D:4)
  A scorpion (D:4)
  A water moccasin skeleton (D:4)
  A bullfrog zombie (D:5)
  A bullfrog skeleton (D:5)
  2 jellies
  3 hounds (D:5)
  2 orc priests
  2 orc wizards (D:4)
  A hound skeleton (D:4)
  A howler monkey skeleton (D:5)
  6 adders
  An adder skeleton (D:4)
  A worm (D:2)
  3 dart slugs
  13 orcs
  6 ball pythons
  11 endoplasms
  6 giant cockroaches
  10 goblins
  5 hobgoblins (D:2)
  10 jackals
  8 kobolds
  3 quokkas
  6 bats
  4 frilled lizards
  4 rats
114 creatures vanquished.

Notes
Turn   | Place    | Note
-------+----------+-------------------------------------------
     0 | D:1      | voltaire321 the Octopode Conjurer began the quest for the
                  | Orb.
     0 | D:1      | Reached XP level 1. HP: 11/11 MP: 3/3
    16 | D:1      | Found Piamurch's Jewellery Emporium.
   252 | D:1      | Reached XP level 2. HP: 15/18 MP: 5/5
   820 | D:1      | Reached XP level 3. HP: 19/22 MP: 6/6
   894 | D:1      | Reached skill level 1 in Fighting
  1475 | D:2      | Learned a level 2 spell: Searing Ray
  1808 | D:2      | Reached XP level 4. HP: 28/28 MP: 2/7
  2098 | D:2      | Found a faded altar of an unknown god.
  2402 | D:3      | Identified a scroll of acquirement
  2402 | D:3      | Acquired 1146 gold pieces
  2451 | D:1      | Bought a ring of poison resistance for 220 gold pieces
  2451 | D:1      | Bought an amulet of the acrobat for 330 gold pieces
  2451 | D:1      | Bought a ring of wizardry for 330 gold pieces
  2835 | D:3      | Reached XP level 5. HP: 34/34 MP: 6/8
  2923 | D:3      | Noticed an angel
  2926 | D:3      | Found a glowing silver altar of Zin.
  3141 | D:4      | Reached skill level 1 in Shields
  3365 | D:4      | Reached XP level 6. HP: 11/39 MP: 5/10
  3794 | D:4      | Found an ancient bone altar of Kikubaaqudgha.
  3884 | D:4      | Reached XP level 7. HP: 44/45 MP: 1/11
  3905 | D:4      | Reached skill level 5 in Stealth
  3905 | D:4      | Reached skill level 5 in Conjurations
  4555 | D:5      | Entered Level 5 of the Dungeon
  4842 | D:5      | Found a shadowy altar of Dithmenos.
  5188 | D:5      | Found a stormy altar of Qazlal.
  5188 | D:5      | Found a basalt altar of Yredelemnul.
  5188 | D:5      | Found a shimmering altar of Xom.
  5785 | D:5      | HP: 2/46 [black bear (1)]
  5785 | D:5      | Slain by a black bear

Illustrated notes

Levels and vault maps discovered:
D:1:      lightli_arrival_isolated_outpost, layout_loops_cross, serial_shops,
          shop, minmay_close_crescents
D:2:      layout_rooms, hellmonk_ecumenical_altar_leap_of_faith
D:3:      layout_rooms, zin_angel, kennysheep_nub, kennysheep_generic_room_2
D:4:      layout_rooms, old_standard_altar
D:5:      layout_loops_cross, nicolae_dithmenos_shadow_blocks,
          gammafunk_temple_overflow_claw
D:6:      layout_rooms

Skill      XL: |  1  2  3  4  5  6  7 |
---------------+----------------------+-----
Stealth        | 3 4 5 |  5.7
Fighting       | 1 2 3 |  3.3
Shields        | 1 2 |  2.8
Dodging        | 3 4 |  4.0
Spellcasting   | 3 |  3.7
Conjurations   | 5 |  5.3

Action                   |  1- 3 |  4- 6 |  7- 9 || total
-------------------------+-------+-------+-------++-------
Melee: Short sword       |    52 |    66 |    48 ||   166
       Unarmed           |     3 |       |       ||     3
       Tentacles         |    10 |    11 |    15 ||    36
       Constrict         |    10 |    17 |    14 ||    41
       Punch             |       |     2 |     1 ||     3
 Cast: Magic Dart        |    27 |    39 |    19 ||    85
       Searing Ray       |       |    11 |     8 ||    19
  Use: Scroll            |       |     4 |     6 ||    10
 Stab: Sleeping          |     5 |     4 |     6 ||    15
Armor: Skin              |     7 |     5 |     3 ||    15
Dodge: Dodged            |    38 |    38 |    28 ||   104
Block: Kite shield       |       |    15 |    22 ||    37

Table legend: (Time is in decaauts)
 A = Elapsed time spent in this place.
 B = Non-inter-level travel time spent in this place.
 C = Inter-level travel time spent in this place.
 D = Time resting spent in this place.
 E = Time spent auto-exploring this place.
 F = Levels seen in this place.
 G = Mean time per level.
                   A        B        C        D        E       F      G
               +--------+--------+--------+--------+--------+-----+--------+
         Total |   5818 |   5703 |    115 |   2094 |   2566 |   6 |  969.7 |
       Dungeon |   5818 |   5703 |    115 |   2094 |   2566 |   6 |  969.7 |
               +--------+--------+--------+--------+--------+-----+--------+

Top non-repeatable levels by time:
     D:1: 1437 daAuts
     D:5: 1234 daAuts
     D:4: 1216 daAuts
     D:3: 1020 daAuts
     D:2: 905 daAuts
     D:6: 5 daAuts
